 Dungeon Crawl Stone Soup version 0.17.0-28-g6e173f8 (webtiles) character file.

255 gorblad the Skirmisher (level 5, -12/50 HPs)
             Began as a Draconian Monk on Nov 30, 2015.
             Was a Believer of Okawaru.
             Mangled by an ogre
             ... wielding a +0 giant spiked club
              (23 damage)
             ... on level 4 of the Dungeon.
             The game lasted 00:11:50 (3310 turns).

gorblad the Skirmisher (Draconian Monk)             Turns: 3310, Time: 00:11:50

Health: -12/50     AC:  5    Str: 13    XL:     5   Next: 91%
Magic:  5/5        EV:  8    Int: 10    God:    Okawaru [**....]
Gold:   150        SH:  0    Dex: 20    Spells: 0 memorised, 4 levels left

rFire  . . .     SeeInvis .       - Unarmed
rCold  . . .     Clarity  .     (armour unavailable)
rNeg   . . .     SustAt   .     (no shield)
rPois  +         Gourm    .     (helmet restricted)
rElec  .         Spirit   .     (no cloak)
rCorr  .         Warding  .     (no gloves)
rMut   .         Stasis   .     (no boots)
MR     .....                    d - amulet of faith
Stlth  ++........               r - +5 ring of dexterity
                                b - ring of poison resistance

@: held, not resistant to hostile enchantments, unstealthy
A: unfitting armour, cold-blooded, AC +5
a: Heroism, Renounce Religion


You were on level 4 of the Dungeon.
You worshipped Okawaru.
Okawaru was pleased with you.
You were not hungry.

You visited 1 branch of the dungeon, and saw 4 of its levels.

You collected 150 gold pieces.

Inventory:

Hand Weapons
 v - a +0 falchion
Jewellery
 b - a ring of poison resistance (left hand)
 d - an amulet of faith (around neck)
 k - an uncursed ring of positive energy
 r - a +5 ring of dexterity (right hand)
 s - an uncursed ring of protection from magic
Scrolls
 c - a scroll of blinking {unknown}
 e - a scroll of amnesia {unknown}
 g - a scroll of recharging {unknown}
 h - 4 scrolls of teleportation {unknown}
 j - 4 scrolls of remove curse {unknown}
 l - 2 scrolls of identify {unknown}
 m - a scroll of noise {unknown}
Potions
 i - 2 potions of heal wounds {unknown}
 n - a potion of degeneration {unknown}
 o - a potion of ambrosia {unknown}
 q - 2 potions of lignification {unknown}
 u - a potion of cancellation {unknown}
Books
 p - a book of the Dragon

   Spells                             Type                      Level
   a - Flame Tongue                   Conjuration/Fire             1
   b - Cause Fear                     Hexes                        4
   c - Bolt of Fire                   Conjuration/Fire             6
   d - Dragon Form                    Transmutation                7
   e - Dragon's Call                  Summoning                    9
Comestibles
 a - 3 bread rations
 f - a meat ration
 t - 3 chunks of flesh
 w - 7 fruits


   Skills:
 - Level 6.0 Fighting
 + Level 4.3 Dodging
 - Level 1.7 Stealth
 - Level 4.0 Unarmed Combat


You had 4 spell levels left.
You didn't know any spells.

Dungeon Overview and Level Annotations

Branches:
Dungeon (4/15)
 Temple: D:4-7

Altars:
Ashenzari
Fedhas
Okawaru
Sif Muna
The Shining One


Innate Abilities, Weirdness & Mutations

Your plain brown scales are hard (AC +5).
Your body does not fit into most forms of armour.
You are cold-blooded and may be slowed by cold attacks.


Message History

The ogre hits you with a giant spiked club.
You hit the ogre.
Your tail-slap misses the ogre.
The ogre is heavily wounded.
The gnoll hits you from afar with a spear!
The ogre closely misses you.
You hit the ogre but do no damage.
The ogre is heavily wounded.
The gnoll hits you but does no damage.
You hit the ogre.
The ogre is severely wounded.
The ogre misses you.
The gnoll hits you from afar with a spear!
* * * LOW HITPOINT WARNING * * *
You are too injured to fight recklessly!
The gnoll throws a throwing net.
The throwing net hits you.
You become entangled in the net!
You see here a throwing net.
You try to slip out of the net.
The ogre hits you with a giant spiked club!!
You die...

#.........# ≈#
##.....>..# #.≈# ≈§
#.......## #.≈###≈.
#.......# #.≈≈≈≈≈.
#.#####.## ##......
#. ##...## #..≈≈§≈≈
#.....####..≈# #
#...........≈# .≈#
#.....####@.§###≈.≈#
##...## ##O§≈≈§§.≈≈
##### #.§g.g§..)
........§§§≈≈.≈≈
######..≈###§.≈#
#..≈# .≈# #..§# ≈#
#..≈≈ #....


You could see an ogre and 2 gnolls.

Vanquished Creatures
  An ogre (D:4)
  Jessica (D:3)
  Natasha (thrice) (D:2)
  4 adders
  An ooze (D:3)
  2 worms (D:3)
  A giant gecko (D:2)
  An orc (D:3)
  8 bats
  9 goblins
  14 hobgoblins
  2 jackals (D:3)
  3 kobolds
  A ball python (D:1)
  3 giant cockroaches
  4 giant newts
  9 rats
67 creatures vanquished.

Notes
Turn   | Place    | Note
--------------------------------------------------------------
     0 | D:1      | gorblad the Draconian Monk began the quest for the Orb.
     0 | D:1      | Reached XP level 1. HP: 19/19 MP: 1/1
   264 | D:1      | Reached XP level 2. HP: 21/27 MP: 2/2
  1207 | D:2      | Reached XP level 3. HP: 29/34 MP: 3/3
  1288 | D:2      | Noticed Natasha
  1297 | D:2      | Killed Natasha
  1297 | D:2      | Reached skill level 5 in Fighting
  1432 | D:2      | Reached XP level 4. HP: 42/42 MP: 4/4
  1554 | D:2      | Found a deep blue altar of Sif Muna.
  1612 | D:2      | Noticed Natasha
  1616 | D:2      | Killed Natasha
  1635 | D:2      | Found a glowing golden altar of the Shining One.
  1789 | D:2      | Noticed Natasha
  1800 | D:2      | Killed Natasha
  1842 | D:2      | Found a shattered altar of Ashenzari.
  2100 | D:3      | Reached skill level 6 in Fighting
  2179 | D:3      | Noticed Jessica
  2186 | D:3      | Killed Jessica
  2186 | D:3      | Reached XP level 5. HP: 17/50 MP: 5/5
  2837 | D:3      | Found a faded altar to an unknown god.
  2899 | D:3      | Found an iron altar of Okawaru.
  2935 | D:3      | Became a worshipper of Warmaster Okawaru
  2935 | D:3      | Reached * piety under Okawaru
  2935 | D:3      | Reached ** piety under Okawaru
  3013 | D:3      | Found a blossoming altar of Fedhas.
  3282 | D:4      | Noticed an ogre
  3297 | D:4      | Noticed an ogre
  3299 | D:4      | Killed an ogre
  3310 | D:4      | Mangled by an ogre

Action                   |  1- 3 |  4- 6 || total
-------------------------+-------+-------++-------
Melee: Unarmed           |    89 |   155 ||   244
Throw: Javelin           |       |     4 ||     4
 Stab: Sleeping          |     5 |     2 ||     7
  Eat: Chunk             |     1 |     7 ||     8
